 Dungeon Crawl Stone Soup version 0.27-a0-543-gd81048afd2 (webtiles) character file.

Game seed: 7616593115654973221

93434 ReteAZ the Martial Artist (level 16, -3/176 HPs)
             Began as a Gnoll Gladiator on Mar 7, 2021.
             Was an Elder of Ashenzari.
             Slain by the 27-headed Lernaean hydra (6 damage)
             ... on level 4 of the Swamp.
             The game lasted 00:46:06 (27746 turns).

ReteAZ the Martial Artist (Gnoll Gladiator)        Turns: 27746, Time: 00:46:06

Health: -3/176     AC: 30    Str: 13    XL:     16   Next: 8%
Magic:  32/34      EV: 18    Int: 14    God:    Ashenzari [****..]
Gold:   2090       SH: 16    Dex: 15    Spells: 34/44 levels left

rFire    + . .     SeeInvis +     - Unarmed
rCold    + . .     Faith    .   w - +2 kite shield of Ashenzari's Stoicism {Self, Fort} (curse)
rNeg     + + .     Spirit   .   (armour currently unavailable)
rPois    ∞         Reflect  .   b - +2 helmet of the Eye in the Sky {Fort, Alch} (curse)
rElec    +         Harm     .   N - scarf "Sibylline Foul Odors" {rC+ rF+, Melee, Elem} (curse)
rCorr    .         Rampage  .   (gloves currently unavailable)
Will     +....     Clarity  +   (boots currently unavailable)
Stlth    +++++.....             l - amulet of Contentment {rElec rN+ Regen+ SInv}
HPRegen  1.39/turn              j - ring "Elysian Boredom" {Slay+4, Melee, Self} (curse)
MPRegen  0.24/turn              F - ring of Ashenzari's Disgust {Slay+4, Fort, Melee} (curse)

@: about to teleport, statue-form, studying Translocations, very slow
A: fangs 1, strong nose, distributed training
a: End Transformation, Renounce Religion, Curse Item, Shatter the Chains


You were on level 4 of the Swamp.
You worshipped Ashenzari.
Ashenzari was greatly pleased with you.
You were a stone statue.
You visited 5 branches of the dungeon, and saw 25 of its levels.
You also visited: Gauntlet.

You collected 2330 gold pieces.
You spent 240 gold pieces at shops.

Inventory:

Missiles
 c - 4 throwing nets
 y - 18 silver javelins
Armour
 b - the cursed +2 helmet of the Eye in the Sky (worn) {Fort, Alch}

   It has a curse placed upon it.
 w - the cursed +2 kite shield of Ashenzari's Stoicism (worn) {Self, Fort}
   (You found it on level 3 of the Dungeon)

   It has a curse placed upon it.
 x - a +0 helmet of see invisible
 z - the cursed +1 pair of gloves of Supernal Gnosis (melded) {rC+ Str+2 Int+3, Elem, Bglg}
   (You found it on level 5 of the Dungeon)

   It affects your strength (+2).
   It affects your intelligence (+3).
   It protects you from cold.
   It has a curse placed upon it.
 J - a +2 robe of willpower (melded)
 K - the cursed +2 pair of boots of the Enigmatic Lethargy (melded) {Melee, Alch}
   (You found it on level 7 of the Dungeon)

   It has a curse placed upon it.
 N - the cursed scarf "Sibylline Foul Odors" (worn) {rC+ rF+, Melee, Elem}
   (You found it on level 8 of the Dungeon)

   It has a curse placed upon it.
Magical Staves
 U - a staff of cold
Jewellery
 e - the ring "Eqiwim" {Ice Str-2 Dex+2 SInv Stlth+}
   (You found it in a Gauntlet)

   [ring of ice]

   It enhances your ice magic.
   It affects your strength (-2).
   It affects your dexterity (+2).
   It makes you vulnerable to fire.
   It protects you from cold.
   It lets you see invisible.
   It makes you more stealthy.
 g - a ring of resist corrosion
 j - the cursed ring "Elysian Boredom" (left hand) {Slay+4, Melee, Self}
   (You found it on level 1 of the Dungeon)

   [ring of slaying]

   It affects your accuracy and damage with ranged weapons and melee attacks
   (+4).
   It has a curse placed upon it.
 l - the amulet of Contentment (around neck) {rElec rN+ Regen+ SInv}
   (You acquired it on level 4 of the Swamp)

   [amulet of regeneration]

   It insulates you from electricity.
   It protects you from negative energy.
   It lets you see invisible.
   It increases your rate of regeneration.
 F - the cursed ring of Ashenzari's Disgust (right hand) {Slay+4, Fort, Melee}
   (You found it on level 5 of the Dungeon)

   [ring of slaying]

   It affects your accuracy and damage with ranged weapons and melee attacks
   (+4).
   It has a curse placed upon it.
 T - a ring of protection from cold
 W - a +4 ring of protection
Wands
 a - a wand of mindburst (16)
 d - a wand of charming (10)
 p - a wand of flame (100)
 B - a wand of acid (9)
 H - a wand of digging (6)
 O - a wand of polymorph (14)
 P - a wand of iceblast (45)
 Y - a wand of paralysis (10)
Scrolls
 f - 9 scrolls of teleportation
 h - 4 scrolls of magic mapping
 k - 8 scrolls of fear
 n - a scroll of brand weapon
 t - 7 scrolls of enchant weapon
 C - 6 scrolls of amnesia
 D - a scroll of holy word
 G - a scroll of silence
 I - 3 scrolls of blinking
 M - 3 scrolls of immolation
 R - 3 scrolls of fog
 V - 7 scrolls of enchant armour
Potions
 i - a potion of magic
 m - 4 potions of haste
 o - 3 potions of mutation
 q - 10 potions of ambrosia
 r - 10 potions of curing
 s - 3 potions of might
 u - a potion of invisibility
 v - 2 potions of degeneration
 A - a potion of berserk rage
 E - 4 potions of heal wounds
 L - 4 potions of flight
 Q - 3 potions of brilliance
 S - 5 potions of resistance
 X - a potion of cancellation
Miscellaneous
 Z - a condenser vane


   Skills:
 + Level 11.4(15.6) Fighting
 + Level 10.5(16.1) Short Blades
 + Level 10.5(16.1) Long Blades
 + Level 10.5(16.1) Axes
 + Level 10.5(16.1) Maces & Flails
 + Level 10.5(16.1) Polearms
 + Level 10.5(16.1) Staves
 + Level 10.5 Slings
 + Level 10.5 Bows
 + Level 10.5 Crossbows
 + Level 11.4 Throwing
 + Level 10.5(16.1) Armour
 + Level 12.1 Dodging
 + Level 10.5 Stealth
 + Level 10.5(16.1) Shields
 + Level 12.1(17.7) Unarmed Combat
 + Level 10.5(14.7) Spellcasting
 + Level 8.9 Conjurations
 + Level 8.9 Hexes
 + Level 8.9 Summonings
 + Level 8.9 Necromancy
 + Level 9.6 Translocations
 + Level 8.9(11.7) Transmutations
 + Level 8.9(11.7) Fire Magic
 + Level 8.9(11.7) Ice Magic
 + Level 8.9(11.7) Air Magic
 + Level 8.9(11.7) Earth Magic
 + Level 8.9(11.7) Poison Magic
 + Level 11.4 Invocations
 + Level 10.5 Evocations


You had 34 spell levels left.
You knew the following spells:

 Your Spells              Type           Power      Damage    Failure   Level
a - Summon Lightning Spi  Summ/Air       39%        N/A       1%          4
b - Statue Form           Tmut/Erth      28%        N/A       8%          6

Your spell library contained the following spells:

 Spells                   Type           Power      Damage    Failure   Level
 Magic Dart               Conj           100%       1d8       1%          1
 Sandblast                Erth           86%        2d18      1%          1
 Summon Small Mammal      Summ           100%       N/A       1%          1
 Blink                    Tloc           N/A        N/A       1%          2
 Call Imp                 Summ           35%        N/A       1%          2
 Passwall                 Tmut/Erth      35%        N/A       1%          2
 Slow                     Hex            35%        N/A       1%          2
 Call Canine Familiar     Summ           35%        N/A       1%          3
 Confusing Touch          Hex            35%        N/A       1%          3
 Conjure Flame            Conj/Fire      39%        6-21      1%          3
 Gell's Gravitas          Tloc           18%        N/A       1%          3
 Mephitic Cloud           Conj/Pois/Air  40%        N/A       1%          3
 Summon Guardian Golem    Hex/Summ       35%        N/A       1%          3
 Animate Armour           Summ/Erth      78%        N/A       1%          4
 Petrify                  Tmut/Erth      43%        N/A       1%          4
 Summon Ice Beast         Ice/Summ       39%        N/A       1%          4
 Bolt of Magma            Conj/Fire/Erth 20%        4d10      1%          5
 Borgnjor's Vile Clutch   Necr/Erth      19%        N/A       2%          5
 Metabolic Englaciation   Hex/Ice        19%        N/A       2%          5
 Silence                  Hex/Air        19%        N/A       2%          5
 Yara's Violent Unravell  Hex/Tmut       19%        3d9       2%          5
 Iskenderun's Battlesphe  Conj           35%        2d9       4%          5
 Conjure Ball Lightning   Conj/Air       19%        3x3d6     14%         6
 Iron Shot                Conj/Erth      19%        9d4       14%         6
 Orb of Destruction       Conj           17%        9d8       80%         7
 Spellforged Servitor     Conj/Summ      17%        N/A       80%         7
 Tornado                  Air            21%        N/A       100%        9


Dungeon Overview and Level Annotations

Branches:
Dungeon (12/15)            Temple (1/1) D:4            Lair (6/6) D:8
  Swamp (4/4) Lair:4       Spider (0/4) Lair:4        Slime (0/5) Lair:6
    Orc (2/2) D:9             Elf (0/3) Orc:2       Gauntlet (visited)

Altars:
Ashenzari
Cheibriados
Dithmenos
Elyvilon
Fedhas
Gozag
Hepliaklqana
Kikubaaqudgha
Makhleb
Nemelex Xobeh
Okawaru
Qazlal
Ru
Sif Muna
Trog
Uskayaw
Vehumet
Wu Jian
Xom
Yredelemnul
Zin
The Shining One
Jiyva

Shops:
Orc:2 [[:[

Annotations:
D:6 3 runed translucent doors, Morbidden's ghost, novice OpTm
Lair:1 3 runed translucent doors, mastekator's ghost, journeyman SpEn
Swamp:2 2 transporters
Swamp:4 Lernaean hydra
Orc:2 2 runed translucent doors, exclusion: orange crystal statue


Innate Abilities, Weirdness & Mutations

You have very sharp teeth.
Your uncanny sense of smell can sniff out nearby items.
Your experience applies equally to all skills.


Message History

You resist.
You hear a roar!
What are your orders? t - Bark!
Orders for allies: a - Attack new target. r - Retreat! s - Stop attacking. g - Guard the area. f - Follow me.
Anything else - Cancel.
Okay, then.
As you read the scroll of teleportation, it crumbles to dust.
You feel strangely unstable. The bog body casts a spell at you.
The bolt of cold hits you. You resist.
* * * LOW HITPOINT WARNING * * *
The 27-headed Lernaean hydra bites you but does no damage.
You block the 27-headed Lernaean hydra's attack. x2
The 27-headed Lernaean hydra completely misses you.
The 27-headed Lernaean hydra misses you.
The 27-headed Lernaean hydra bites you but does no damage.
You block the 27-headed Lernaean hydra's attack.
The 27-headed Lernaean hydra bites you but does no damage.
The 27-headed Lernaean hydra barely misses you.
The 27-headed Lernaean hydra misses you.
You block the 27-headed Lernaean hydra's attack.
The 27-headed Lernaean hydra closely misses you.
The 27-headed Lernaean hydra bites you but does no damage.
The 27-headed Lernaean hydra misses you.
The 27-headed Lernaean hydra bites you.
* * * LOW HITPOINT WARNING * * *
The 27-headed Lernaean hydra bites you.
* * * LOW HITPOINT WARNING * * *
The 27-headed Lernaean hydra bites you.
* * * LOW HITPOINT WARNING * * *
The 27-headed Lernaean hydra bites you!
* * * LOW HITPOINT WARNING * * *
The 27-headed Lernaean hydra bites you but does no damage.
The 27-headed Lernaean hydra misses you.
The 27-headed Lernaean hydra completely misses you.
The 27-headed Lernaean hydra bites you.
You die...

♣♣<.♣♣♣§≈≈f...≈♣♣♣
♣♣°.♣♣≈≈≈≈≈≈≈.≈!.♣
♣.≈.♣≈♣.≈≈≈≈≈§≈≈≈.
♣≈§≈°≈f)§≈≈≈≈≈≈≈≈.
♣§≈.♣≈≈..≈§≈§≈≈≈.
♣≈≈☼n♣...≈≈≈≈≈≈≈.*
♣♣D☼§.≈≈§≈≈≈≈≈≈.≈.*
♣♣D°.....≈≈≈≈..≈..≈
♣♣8○☼○.≈.≈≈§.≈≈.♣.≈
♣♣☼≈≈≈.≈♣♣≈..≈≈≈♣
♣♣≈≈≈≈≈.♣ ♣♣≈≈≈§♣**
♣♣.≈≈§≈♣ ♣≈≈≈
♣..≈≈..♣ ≈ *
♣§..♣♣♣♣ * ♣♣.♣♣ *
, ♣♣ * * *≈≈ **


You could see the 27-headed Lernaean hydra, a shambling mangrove, a swamp dragon
(catching breath) and a bog body.

Vanquished Creatures
  Kirke (Lair:6)
  Roxanne (Swamp:2)
  A thorn hunter (Swamp:4)
  A minotaur (Gauntlet)
  3 dire elephants (Lair:6)
  3 bunyips
  An eleionoma (Swamp:3)
  2 death oozes (Gauntlet)
  A shambling mangrove (Swamp:4)
  9 hydras
  Erolcha (Orc:2)
  4 ghost crabs
  2 two-headed ogres
  9 alligators
  3 orc high priests (Orc:2)
  2 spriggan druids
  10 goliath frogs
  5 bog bodies
  4 orc knights
  A wizard (Gauntlet)
  2 swamp dragons
  A necromancer (Swamp:2)
  Pikel (D:9)
  2 orc sorcerers (Orc:2)
  A will-o-the-wisp (Swamp:1)
  7 elephants
  A manticore (D:12)
  A centaur zombie (D:11)
  5 black mambas
  Maurice (D:9)
  An ice statue (Gauntlet)
  11 cane toads
  4 rime drakes
  9 komodo dragons
  A queen bee (D:11)
  A polar bear (Lair:6)
  4 trolls
  4 hornets
  3 tyrant leeches
  2 bloated husks
  31 blink frogs
  6 slime creatures
  A redback (Lair:4)
  A vampire (D:11)
  2 spriggans (Swamp:2)
  3 wraiths
  6 wyverns
  4 fire elementals
  2 basilisks
  5 hogs (Lair:6)
  41 yaks
  5 vampire mosquitoes (Swamp:1)
  4 wargs
  10 swamp worms
  4 hell hounds
  18 orc warriors
  9 water moccasins
  A meliai simulacrum (Gauntlet)
  5 sky beasts
  4 swamp drakes
  2 black bears
  2 ice beasts
  A swamp dragon zombie (Swamp:2)
  A hornet zombie (Swamp:2)
  13 ogres
  20 wolves
  2 necrophages
  6 centaurs
  A lemure (D:9)
  A phantom (D:9)
  2 elf zombies (D:11)
  14 bullfrogs
  2 wyvern zombies
  A scorpion (D:5)
  A hornet simulacrum (Gauntlet)
  19 killer bees (D:11)
  4 electric eels (Lair:4)
  9 wights
  A howler monkey (D:4)
  5 quasits
  4 hounds
  A human zombie (D:11)
  6 jellies
  11 orc priests
  A bullfrog skeleton (D:5)
  A gnoll shaman (D:7)
  5 iguanas
  17 orc wizards
  10 worker ants
  A hound zombie (D:6)
  3 mummies (D:11)
  A hound skeleton (D:5)
  10 gnolls
  16 adders
  4 shadow imps
  5 white imps
  An ufetubus (D:6)
  2 adder zombies
  2 worms
  2 dart slugs
  5 leopard geckos
  49 orcs
  4 ball pythons
  10 bats
  4 giant cockroaches
  5 hobgoblins
  11 jackals
  7 quokkas
  3 frilled lizards
  3 goblins
  A jackal skeleton (D:5)
  15 kobolds
  2 orc zombies (D:11)
  2 quokka zombies (D:5)
  7 rats
626 creatures vanquished.

Vanquished Creatures (collateral kills)
  Azrael (Orc:1)
  A dire elephant (Lair:6)
  2 hydras
  An anaconda (Lair:6)
  2 swamp dragons
  3 bog bodies
  An orc sorcerer (Orc:2)
  A cyclops (D:11)
  3 elephants
  2 cane toads
  4 komodo dragons
  A tyrant leech (Swamp:4)
  7 blink frogs
  A hornet (Swamp:2)
  A slime creature (D:12)
  2 wyverns (Lair:4)
  2 vampire mosquitoes (Swamp:1)
  A harpy simulacrum (Gauntlet)
  A swamp worm (Swamp:4)
  A water moccasin (Lair:6)
  A swamp drake (Swamp:4)
  An ice beast (D:12)
  5 wolves
  5 killer bees (D:11)
  3 orc priests (Orc:2)
  2 orc wizards
  An adder (D:12)
  A swamp drake zombie (Swamp:2)
  17 orcs
74 creatures vanquished.

Vanquished Creatures (others)
  2 bloated husks
  A spriggan (Swamp:2)
  An orc priest (Orc:2)
  A swamp drake zombie (Swamp:2)
  An orc (Orc:2)
  A briar patch (Swamp:4)
  6 foxfires (Swamp:1)
  45 fungi
  45 plants
  17 withered plants (Swamp:1)
120 creatures vanquished.

Grand Total: 820 creatures vanquished

Notes
Turn   | Place    | Note
-------+----------+-------------------------------------------
     0 | D:1      | ReteAZ the Gnoll Gladiator began the quest for the Orb.
     0 | D:1      | Reached XP level 1. HP: 20/20 MP: 1/1
   107 | D:1      | Reached XP level 2. HP: 26/26 MP: 2/2
   204 | D:1      | Reached XP level 3. HP: 28/31 MP: 3/3
   568 | D:1      | Reached skill level 1 in Invocations
   720 | D:2      | Reached skill level 1 in Short Blades
   720 | D:2      | Reached skill level 1 in Long Blades
   720 | D:2      | Reached skill level 1 in Axes
   720 | D:2      | Reached skill level 1 in Maces & Flails
   720 | D:2      | Reached skill level 1 in Polearms
   720 | D:2      | Reached skill level 1 in Staves
   720 | D:2      | Reached skill level 1 in Slings
   720 | D:2      | Reached skill level 1 in Bows
   720 | D:2      | Reached skill level 1 in Crossbows
   720 | D:2      | Reached skill level 1 in Armour
   720 | D:2      | Reached skill level 1 in Stealth
   720 | D:2      | Reached skill level 1 in Shields
   720 | D:2      | Reached skill level 1 in Spellcasting
   720 | D:2      | Reached skill level 1 in Evocations
   730 | D:2      | Reached XP level 4. HP: 35/38 MP: 5/5
   967 | D:2      | Reached skill level 1 in Conjurations
   967 | D:2      | Reached skill level 1 in Hexes
   967 | D:2      | Reached skill level 1 in Summonings
   967 | D:2      | Reached skill level 1 in Necromancy
   967 | D:2      | Reached skill level 1 in Translocations
   967 | D:2      | Reached skill level 1 in Transmutations
   967 | D:2      | Reached skill level 1 in Fire Magic
   967 | D:2      | Reached skill level 1 in Ice Magic
   967 | D:2      | Reached skill level 1 in Air Magic
   967 | D:2      | Reached skill level 1 in Earth Magic
   967 | D:2      | Reached skill level 1 in Poison Magic
  1185 | D:2      | Reached XP level 5. HP: 43/43 MP: 6/6
  1210 | D:2      | Found a burning altar of Makhleb.
  1904 | D:3      | Found an ancient bone altar of Kikubaaqudgha.
  2224 | D:3      | Found an ornate altar of the Wu Jian Council.
  2296 | D:4      | Found a hide-covered altar of Uskayaw.
  2445 | D:4      | Reached XP level 6. HP: 42/50 MP: 8/8
  2703 | D:4      | Reached skill level 5 in Fighting
  2703 | D:4      | Reached skill level 5 in Throwing
  2878 | D:4      | Found a staircase to the Ecumenical Temple.
  2919 | Temple   | Entered the Ecumenical Temple
  3049 | Temple   | Became a worshipper of Ashenzari the Shackled
  3296 | D:4      | Found a shimmering blue altar of Sif Muna.
  3429 | D:4      | Reached XP level 7. HP: 55/56 MP: 10/10
  3526 | D:5      | Entered Level 5 of the Dungeon
  3538 | D:5      | Identified the +1 pair of gloves of Mypizam {rC+ Str+2
                  | Int+3}
  4221 | D:5      | Identified the +1 leather armour "Zoyhiel" {*Corrode rC+++
                  | Dex+3}
  4235 | D:5      | Found a hazy altar of Hepliaklqana.
  4240 | D:5      | Found a white marble altar of Elyvilon.
  4254 | D:5      | Found a radiant altar of Vehumet.
  4259 | D:5      | Found an opulent altar of Gozag.
  4634 | D:6      | Reached XP level 8. HP: 63/63 MP: 12/12
  4644 | D:6      | Found a runed translucent gate.
  4644 | D:6      | Found a runed translucent gate.
  4646 | D:6      | Found a runed translucent gate.
  4647 | D:6      | Noticed Morbidden's ghost (novice OpTm)
  5096 | D:6      | Found a sacrificial altar of Ru.
  5422 | D:6      | Reached * piety under Ashenzari
  5664 | D:6      | Found a snail-covered altar of Cheibriados.
  5979 | D:7      | Reached XP level 9. HP: 67/69 MP: 14/14
  6202 | D:7      | Reached ** piety under Ashenzari
  6293 | D:7      | Found a sparkling altar of Nemelex Xobeh.
  6367 | D:7      | Found a glowing golden altar of the Shining One.
  6552 | D:8      | Found a broken altar of Ashenzari.
  6892 | D:8      | Found a staircase to the Lair.
  6924 | D:8      | Reached skill level 5 in Invocations
  6948 | D:8      | Identified the cursed +2 helmet of the Eye in the Sky
                  | {Fort, Alch}
  6948 | D:8      | Identified the cursed +2 pair of boots of the Enigmatic
                  | Lethargy {Melee, Alch} (You found it on level 7 of the
                  | Dungeon)
  8163 | D:9      | Reached XP level 10. HP: 79/82 MP: 19/19
  8284 | D:9      | Found a staircase to the Orcish Mines.
  8285 | D:9      | Noticed Maurice
  8298 | D:9      | Killed Maurice
  8299 | D:9      | Reached skill level 5 in Short Blades
  8299 | D:9      | Reached skill level 5 in Long Blades
  8299 | D:9      | Reached skill level 5 in Axes
  8299 | D:9      | Reached skill level 5 in Maces & Flails
  8299 | D:9      | Reached skill level 5 in Polearms
  8299 | D:9      | Reached skill level 5 in Staves
  8299 | D:9      | Reached skill level 5 in Slings
  8299 | D:9      | Reached skill level 5 in Bows
  8299 | D:9      | Reached skill level 5 in Crossbows
  8299 | D:9      | Reached skill level 5 in Armour
  8299 | D:9      | Reached skill level 5 in Stealth
  8299 | D:9      | Reached skill level 5 in Shields
  8299 | D:9      | Reached skill level 5 in Spellcasting
  8299 | D:9      | Reached skill level 5 in Evocations
  8794 | D:9      | Reached *** piety under Ashenzari
  8875 | D:9      | Noticed Pikel
  8882 | D:9      | Killed Pikel
  8971 | D:10     | Entered Level 10 of the Dungeon
  9368 | D:10     | Reached XP level 11. HP: 62/93 MP: 24/24
  9558 | D:10     | Reached **** piety under Ashenzari
  9727 | D:10     | Reached skill level 5 in Conjurations
  9727 | D:10     | Reached skill level 5 in Hexes
  9727 | D:10     | Reached skill level 5 in Summonings
  9727 | D:10     | Reached skill level 5 in Necromancy
  9727 | D:10     | Reached skill level 5 in Translocations
  9727 | D:10     | Reached skill level 5 in Transmutations
  9727 | D:10     | Reached skill level 5 in Fire Magic
  9727 | D:10     | Reached skill level 5 in Ice Magic
  9727 | D:10     | Reached skill level 5 in Air Magic
  9727 | D:10     | Reached skill level 5 in Earth Magic
  9727 | D:10     | Reached skill level 5 in Poison Magic
 10024 | D:10     | Noticed a two-headed ogre
 10031 | D:10     | Killed a two-headed ogre
 10303 | Lair:1   | Entered Level 1 of the Lair of Beasts
 10356 | Lair:1   | Found a runed translucent gate.
 10940 | Lair:1   | Found a runed translucent gate.
 10941 | Lair:1   | Found a runed translucent gate.
 10941 | Lair:1   | Noticed mastekator's ghost (journeyman SpEn)
 11491 | Lair:2   | Learned a level 4 spell: Summon Lightning Spire
 11585 | Lair:2   | Reached XP level 12. HP: 103/103 MP: 27/27
 11941 | Lair:2   | Found a hazy altar of Hepliaklqana.
 12277 | Lair:3   | Noticed a seven-headed hydra
 12313 | Lair:3   | Killed a seven-headed hydra
 13158 | Lair:4   | Found a hole to the Spider Nest.
 13216 | Lair:4   | Reached skill level 10 in Dodging
 13216 | Lair:4   | Reached skill level 10 in Unarmed Combat
 13553 | Lair:4   | Noticed a four-headed hydra
 13857 | Lair:4   | Found a staircase to the Swamp.
 14267 | Lair:4   | Reached XP level 13. HP: 111/111 MP: 29/29
 16213 | Lair:6   | Entered Level 6 of the Lair of Beasts
 16714 | Lair:6   | Found a burning altar of Makhleb.
 17567 | Lair:6   | Found a viscous altar of Jiyva.
 17567 | Lair:6   | Found a staircase to the Slime Pits.
 17568 | Lair:6   | Noticed Kirke
 17590 | Lair:6   | Killed Kirke
 17591 | Lair:6   | Reached XP level 14. HP: 101/120 MP: 27/31
 17973 | Lair:6   | Reached skill level 10 in Fighting
 17973 | Lair:6   | Reached skill level 10 in Throwing
 18010 | Lair:6   | Identified the +0 tower shield "Toem" {Str+4}
 18074 | Lair:6   | Identified the +2 leather armour "Inaotior" {MP+9 Str+4}
 18111 | Lair:6   | Noticed a dire elephant
 18112 | Lair:6   | Noticed a dire elephant
 18125 | Lair:6   | Killed a dire elephant
 18137 | Lair:6   | Killed a dire elephant
 18150 | Lair:6   | Noticed a dire elephant
 18161 | Lair:6   | Killed a dire elephant
 18405 | Lair:6   | Noticed a dire elephant
 18416 | Lair:6   | Killed a dire elephant
 18566 | Orc:1    | Entered Level 1 of the Orcish Mines
 18572 | Orc:1    | Found a radiant altar of Vehumet.
 19021 | Orc:2    | Entered Level 2 of the Orcish Mines
 19021 | Orc:2    | Noticed Erolcha
 19058 | Orc:2    | Noticed Azrael
 19087 | Orc:1    | Killed Azrael
 19414 | Orc:2    | Reached skill level 10 in Invocations
 19458 | Orc:2    | Found a bloodstained altar of Trog.
 19563 | Orc:2    | Found a runed translucent door.
 19575 | Orc:2    | Found the +10 tower shield of Ignorance {rN+ Int-4}
 19619 | Orc:2    | Killed Erolcha
 19912 | Orc:2    | Found a runed translucent door.
 19933 | Orc:2    | Found a staircase to the Elven Halls.
 20561 | Orc:2    | Found Ygrazoe's Armour Shop.
 20561 | Orc:2    | Found Enuluydiu's Antique Armour Emporium.
 20563 | Orc:2    | Found Ryusidd's Book Shop.
 20563 | Orc:2    | Found Mytzon's Antique Armour Emporium.
 20576 | Orc:2    | Bought a runed kite shield for 240 gold pieces
 21748 | D:11     | Found an ancient bone altar of Kikubaaqudgha.
 22296 | D:12     | Found a gate leading to a gauntlet.
 22305 | Gauntlet | Entered a Gauntlet
 22305 | Gauntlet | Found a transporter.
 22329 | Gauntlet | Found a transporter.
 22331 | Gauntlet | Found a transporter.
 22332 | Gauntlet | Found a transporter.
 22343 | Gauntlet | Found a transporter.
 22344 | Gauntlet | Found a transporter.
 22348 | Gauntlet | Found a transporter.
 22352 | Gauntlet | Found a transporter.
 22355 | Gauntlet | Found a transporter.
 22356 | Gauntlet | Found a transporter.
 22367 | Gauntlet | Found a transporter.
 22367 | Gauntlet | Found a transporter.
 22368 | Gauntlet | Found a transporter.
 22377 | Gauntlet | Found a transporter.
 22386 | Gauntlet | Identified the ring "Eqiwim" {Ice Str-2 Dex+2 SInv Stlth+}
 22921 | Gauntlet | Reached XP level 15. HP: 124/127 MP: 28/33
 23310 | D:12     | Found a glowing silver altar of Zin.
 23322 | D:12     | Found a stormy altar of Qazlal.
 23322 | D:12     | Found a hazy altar of Hepliaklqana.
 23324 | D:12     | Found a sacrificial altar of Ru.
 23324 | D:12     | Found a shimmering altar of Xom.
 23324 | D:12     | Found a shimmering altar of Xom.
 23867 | Swamp:1  | Entered Level 1 of the Swamp
 25174 | Swamp:1  | Reached skill level 10 in Short Blades
 25174 | Swamp:1  | Reached skill level 10 in Long Blades
 25174 | Swamp:1  | Reached skill level 10 in Axes
 25174 | Swamp:1  | Reached skill level 10 in Maces & Flails
 25174 | Swamp:1  | Reached skill level 10 in Polearms
 25174 | Swamp:1  | Reached skill level 10 in Staves
 25174 | Swamp:1  | Reached skill level 10 in Slings
 25174 | Swamp:1  | Reached skill level 10 in Bows
 25174 | Swamp:1  | Reached skill level 10 in Crossbows
 25174 | Swamp:1  | Reached skill level 10 in Armour
 25174 | Swamp:1  | Reached skill level 10 in Stealth
 25174 | Swamp:1  | Reached skill level 10 in Shields
 25174 | Swamp:1  | Reached skill level 10 in Spellcasting
 25174 | Swamp:1  | Reached skill level 10 in Evocations
 25834 | Swamp:2  | Found a transporter.
 25835 | Swamp:2  | Identified the ring "Qeneh" {rElec rPois Slay+4}
 25850 | Swamp:2  | Identified the +0 helmet of the Dragon {*Contam rF+ rN+
                  | Str+4}
 25874 | Swamp:2  | Identified Roxanne's Reference Book on the Rocks
 25874 | Swamp:2  | Noticed Roxanne
 25946 | Swamp:2  | Killed Roxanne
 25962 | Swamp:2  | Learned a level 6 spell: Statue Form
 26031 | Swamp:2  | Found a transporter.
 27309 | Swamp:4  | Entered Level 4 of the Swamp
 27309 | Swamp:4  | Identified a scroll of acquirement
 27330 | Swamp:4  | Acquired the amulet of Contentment {rElec rN+ Regen+ SInv}
 27590 | Swamp:4  | Noticed a thorn hunter
 27599 | Swamp:4  | Killed a thorn hunter
 27610 | Swamp:4  | Reached XP level 16. HP: 72/136 MP: 24/34
 27734 | Swamp:4  | Noticed the 27-headed Lernaean hydra
 27746 | Swamp:4  | HP: 3/176 [the 27-headed Lernaean hydra (10)]
 27746 | Swamp:4  | Slain by the 27-headed Lernaean hydra

Illustrated notes

Levels and vault maps discovered:
D:1:      evilmike_arrival_plus, layout_rooms, minmay_pentomino_r4
D:2:      minmay_door_path, layout_rooms, nicolae_overflow_crystal_walls
D:3:      layout_rooms, lemuel_doored_altar, lemuel_zombie_altar_kikubaaqudgha,
          minmay_goblin_kobold_house
D:4:      layout_basic, eat_drink_and_be_merry_uskayaw, led_sif_pool,
          minmay_temple_entry_glassed_door
D:5:      layout_basic, minitemple, grunt_ministairs_10
D:6:      layout_loops_corners, marbit_many_paths, overflow_temple_1_default,
          ebering_ghost_rock_garden
D:7:      layout_rooms, nemelex_xobeh_ov_fountains_minmay, kennysheep_mini
D:8:      layout_basic, erik_lair_orcish_takeover, basic_altar, sigmund_army
D:9:      layout_rooms, orc_0_dummy, uniq_maurice, uniq_pikel
D:10:     layout_roguey
D:11:     layout_grid_maze, special_room [special_room_bee],
          lemuel_mausoleum_altar_kikubaaqudgha
D:12:     layout_stronghold, gauntlet_entry_generic, st_stairs_13,
          doesnt_xom_only_xom
Temple:   nicolae_temple_figure_zero
Lair:1:   layout_long_grid, ebering_ghost_rock_garden,
          chequers_serial_rivers_micro_c
Lair:2:   layout_regular_city, basic_altar, lemuel_old_faithful,
          grunt_megastairs_5
Lair:3:   layout_roguey
Lair:4:   layout_concentric_octagons, minmay_swamp_entry_eels,
          spider_nest_entry_webs, beast_lair_carwin_10, grunt_megastairs_2
Lair:5:   layout_gridlike, patterned_corridor
Lair:6:   due_jungle_book, layout_gridlike, slime_altar_1, basic_altar,
          serial_forest, infiniplex_forest_corner_1, infiniplex_forest_fountain,
          infiniplex_forest_lined_2, infiniplex_forest_straight_2,
          infiniplex_forest_clump_medium, uniq_kirke
Swamp:1:  layout_falls_marsh, hangedman_swamp_cone, swamp_pool1,
          st_shrine_of_shade, infiniplex_staircase_pool
Swamp:2:  gammafunk_worm_tunnel, layout_falls_marsh, nicolae_swamp_stair_fork,
          nicolae_swamp_necromancer_hut, uniq_roxanne
Swamp:3:  layout_basic_swamp, hangedman_swamp_blocks, hangedman_swamp_lotus
Swamp:4:  swamp_old_school, layout_basic_swamp
Orc:1:    layout_caves, basic_altar
Orc:2:    grunt_orc_tribal_feast, layout_diamond_mine, basic_altar,
          chequers_guarded_unrand_ignorance, uniq_erolcha, uniq_azrael

Skill      XL: |  1  2  3  4  5  6  7  8  9 10 11 12 13 14 15 |
---------------+----------------------------------------------+-----
Invocations    | 1 2 3 4 5 6 7 8 9 10 11 | 11.4
Short Blades   | 1 2 3 4 5 6 7 8 9 10 | 10.5
Long Blades    | 1 2 3 4 5 6 7 8 9 10 | 10.5
Axes           | 1 2 3 4 5 6 7 8 9 10 | 10.5
Maces & Flails | 1 2 3 4 5 6 7 8 9 10 | 10.5
Polearms       | 1 2 3 4 5 6 7 8 9 10 | 10.5
Staves         | 1 2 3 4 5 6 7 8 9 10 | 10.5
Slings         | 1 2 3 4 5 6 7 8 9 10 | 10.5
Bows           | 1 2 3 4 5 6 7 8 9 10 | 10.5
Crossbows      | 1 2 3 4 5 6 7 8 9 10 | 10.5
Armour         | 1 2 3 4 5 6 7 8 9 10 | 10.5
Stealth        | 1 2 3 4 5 6 7 8 9 10 | 10.5
Shields        | 1 2 3 4 5 6 7 8 9 10 | 10.5
Spellcasting   | 1 2 3 4 5 6 7 8 9 10 | 10.5
Evocations     | 1 2 3 4 5 6 7 8 9 10 | 10.5
Conjurations   | 1 2 3 4 5 6 7 8 |  8.9
Hexes          | 1 2 3 4 5 6 7 8 |  8.9
Summonings     | 1 2 3 4 5 6 7 8 |  8.9
Necromancy     | 1 2 3 4 5 6 7 8 |  8.9
Translocations | 1 2 3 4 5 6 7 8 9 |  9.6
Transmutations | 1 2 3 4 5 6 7 8 |  8.9
Fire Magic     | 1 2 3 4 5 6 7 8 |  8.9
Ice Magic      | 1 2 3 4 5 6 7 8 |  8.9
Air Magic      | 1 2 3 4 5 6 7 8 |  8.9
Earth Magic    | 1 2 3 4 5 6 7 8 |  8.9
Poison Magic   | 1 2 3 4 5 6 7 8 |  8.9
Fighting       | 5 6 7 8 9 10 11 | 11.4
Throwing       | 5 6 7 8 9 10 11 | 11.4
Dodging        | 7 8 9 10 11 12 | 12.1
Unarmed Combat | 7 8 9 10 11 12 | 12.1

Action                   |  1- 3 |  4- 6 |  7- 9 | 10-12 | 13-15 | 16-18 || total
-------------------------+-------+-------+-------+-------+-------+-------++-------
Melee: Unarmed           |    97 |   135 |   306 |   495 |   936 |    11 ||  1980
       Bite              |     9 |    10 |    35 |    62 |   101 |       ||   217
       Punch             |     2 |       |       |       |       |       ||     2
Throw: Throwing net      |       |     1 |       |     1 |       |       ||     2
 Cast: Summon Lightning  |       |       |       |    13 |   118 |     2 ||   133
       Statue Form       |       |       |       |       |    13 |     2 ||    15
Invok: Curse Item        |       |       |     4 |     3 |       |       ||     7
 Abil: Evoke Flight      |     1 |       |       |       |       |       ||     1
Evoke: Condenser vane    |       |       |       |       |     1 |       ||     1
  Use: Scroll            |       |       |     2 |     2 |     2 |     3 ||     9
       Potion            |       |       |     1 |       |     3 |       ||     4
 Stab: Sleeping          |       |     7 |    10 |    11 |    20 |       ||    48
       Held in net/web   |       |     1 |       |     1 |       |       ||     2
       Distracted        |       |       |       |     2 |    26 |     1 ||    29
Armor: Leather armour    |    30 |       |       |       |       |       ||    30
       Robe              |     2 |    23 |    74 |    86 |   118 |       ||   303
       Skin              |       |       |    20 |       |    25 |   152 ||   197
Dodge: Dodged            |    65 |    85 |   171 |   181 |   419 |    97 ||  1018
Block: Kite shield       |       |    42 |   155 |   264 |   566 |    69 ||  1096

Table legend: (Time is in decaauts)
 A = Elapsed time spent in this place.
 B = Non-inter-level travel time spent in this place.
 C = Inter-level travel time spent in this place.
 D = Time resting spent in this place.
 E = Time spent auto-exploring this place.
 F = Levels seen in this place.
 G = Mean time per level.
                   A        B        C        D        E       F      G
               +--------+--------+--------+--------+--------+-----+--------+
         Total |  27871 |  26757 |   1114 |   3123 |  18913 |  26 | 1072.0 |
       Dungeon |  12332 |  11863 |    469 |    766 |   9089 |  12 | 1027.7 |
        Temple |    140 |    115 |     25 |      0 |    113 |   1 |  140.0 |
          Lair |   8148 |   7764 |    384 |    699 |   5902 |   6 | 1358.0 |
         Swamp |   4278 |   4157 |    121 |    656 |   2621 |   4 | 1069.5 |
  Orcish Mines |   2218 |   2105 |    113 |    589 |   1049 |   2 | 1109.0 |
      Gauntlet |    752 |    752 |      0 |    413 |    139 |   1 |  752.0 |
               +--------+--------+--------+--------+--------+-----+--------+

Top non-repeatable levels by time:
  Lair:4: 1912 daAuts
  Lair:6: 1903 daAuts
 Swamp:1: 1508 daAuts
     D:6: 1378 daAuts
    D:11: 1374 daAuts
     D:8: 1312 daAuts
  Lair:5: 1287 daAuts
    D:10: 1256 daAuts
  Lair:3: 1190 daAuts
 Swamp:2: 1183 daAuts
     D:9: 1146 daAuts
   Orc:2: 1116 daAuts
   Orc:1: 1101 daAuts
     D:4: 1095 daAuts
  Lair:1: 1080 daAuts
